 Dungeon Crawl Stone Soup version 0.30-a0-223-gcb0039aa0c (webtiles) character file.

Game seed: 1282445453383755499

1764 heikuro the Shield-Bearer (level 9, 0/58 (63) HPs)
             Began as a Formicid Fighter on Oct 9, 2022.
             Was a Priest of Trog.
             Slain by a gnoll
             ... wielding a +0 spear
             ... led by a gnoll bouda
              (5 damage)
             ... on level 6 of the Dungeon.
             The game lasted 00:13:18 (5245 turns).

heikuro the Shield-Bearer (Formicid Fighter)        Turns: 5245, Time: 00:13:19

HP:   0/58 (63)     AC: 16    Str: 26    XL:     9   Next: 28%
MP:   9/9           EV:  8    Int:  7    God:    Trog [***...]
Gold: 69            SH:  0    Dex: 13    Spells: 8/8 levels left

rFire   . . .      SeeInvis +    F - +3 glaive (venom)
rCold   . . .      Faith    .    C - orb {mayhem}
rNeg    + . .      Spirit   .    m - +3 chain mail {Will+}
rPois   .          Reflect  .    (helmet unavailable)
rElec   .          Harm     .    (no cloak)
rCorr   .          Rampage  .    (no gloves)
Will    +....      Clarity  +    D - +0 pair of boots
Stlth   ..........               (no amulet)
HPRegen 0.29/turn                x - ring of positive energy
MPRegen 0.11/turn                (no ring)

@: weakened, drained
A: permanent stasis, dig shafts and tunnels, antennae 3, four strong arms,
iridescent scales 1, clarity, frail 1, wild magic 2
a: Dig, Shaft Self, Renounce Religion, Trog's Hand


You were on level 6 of the Dungeon.
You worshipped Trog.
Trog was most pleased with you.
You visited 2 branches of the dungeon, and saw 8 of its levels.

You collected 465 gold pieces.
You spent 396 gold pieces at shops.

Inventory:

Hand Weapons
 i - a +3 hand axe of electrocution
 z - a +4 dire flail of draining
 F - a +3 glaive of venom (weapon)
Missiles
 h - 3 throwing nets
Armour
 c - a +0 buckler
 m - a +3 chain mail of willpower (worn)
 C - an orb of mayhem (worn)
 D - a +0 pair of boots (worn)
Jewellery
 x - a ring of positive energy (left hand)
 y - a ring of resist corrosion
Wands
 a - a wand of paralysis (5)
 s - a wand of polymorph (2)
Scrolls
 e - 2 scrolls of poison
 f - a scroll of vulnerability {unknown}
 g - a scroll of butterflies {unknown}
 l - a scroll of teleportation {unknown}
 n - 3 scrolls of enchant armour
 o - a scroll of torment {unknown}
 p - a scroll of immolation {unknown}
 q - a scroll of brand weapon {unknown}
 r - 2 scrolls of amnesia {unknown}
 u - a scroll of enchant weapon
 A - 2 scrolls of noise {unknown}
 B - a scroll of acquirement {unknown}
 E - 2 scrolls of identify
Potions
 b - 2 potions of brilliance {unknown}
 d - a potion of might
 j - 4 potions of curing
 k - 5 potions of heal wounds
 t - 4 potions of magic {unknown}
 v - a potion of degeneration {unknown}
 w - 2 potions of berserk rage {unknown}
 G - a potion of haste {unknown}


   Skills:
 + Level 6.4 Fighting
 - Level 6.1(6.6) Axes
 * Level 3.9(5.6) Polearms
 + Level 6.4 Armour
 + Level 7.8 Shields


You had 8 spell levels left.
You didn't know any spells.
Your spell library was empty.

Dungeon Overview and Level Annotations

Branches:
Dungeon (7/15)             Temple (1/1) D:7

Altars:
Ashenzari
Cheibriados
Dithmenos
Elyvilon
Fedhas
Gozag
Hepliaklqana
Kikubaaqudgha
Makhleb
Nemelex Xobeh
Okawaru
Qazlal
Ru
Trog
Uskayaw
Vehumet
Wu Jian
Xom
Yredelemnul
Zin
The Shining One

Shops:
D:1 (   D:4 (   D:7 (


Innate Abilities, Weirdness & Mutations

You cannot be hasted, slowed, berserked, paralysed or teleported.
You can dig through walls and to a lower floor.
You have a pair of large antennae on your head. (SInv)
Your four strong arms can wield two-handed weapons with a shield.
You are partially covered in iridescent scales. (AC +2)
You possess an exceptional clarity of mind.
You are frail. (-10% HP)
Your spells are harder to cast, but more powerful.


Message History

The gnoll hits you with a +2 flail of protection!
The wight attacks as you move away! The wight hits you but does no damage.
The gnoll attacks as you move away!
The gnoll hits you with a +2 flail of protection.
The wight attacks as you move away! The wight hits you with a +2 falchion.
The gnoll attacks as you move away! The gnoll closely misses you.
The wight attacks as you move away! The wight completely misses you.
The gnoll hits you from afar with a +0 spear.
The gnoll bouda gazes fiercely through you!
You feel your attacks grow feeble. The wight hits you but does no damage.
The wight barely misses you. The wight attacks as you move away!
The wight hits you but does no damage. The gnoll hits you but does no damage.
The wight attacks as you move away! The wight barely misses you.
The wight attacks as you move away! The wight hits you with a +2 falchion.
You partially resist.
You feel drained. The gnoll hits you but does no damage.
The wight hits you with a +3 short sword.
The gnoll hits you with a +2 flail of protection.
You slash the gnoll!
The gnoll is poisoned.
The gnoll is severely wounded.
You kill the gnoll!
Trog accepts your kill.
The gnoll hits you from afar with a +0 spear.
The gnoll bouda gazes fiercely through you!
You feel as though you will be weak longer.
The wight hits you with a +2 falchion.
The gnoll hits you from afar with a +0 spear.
The wight hits you with a +2 falchion!
* * * LOW HITPOINT WARNING * * *
You partially resist.
You feel drained.
* * * LOW HITPOINT WARNING * * *
The wight hits you with a +3 scimitar.
* * * LOW HITPOINT WARNING * * *
You partially resist.
You feel drained.
The gnoll bouda barks out a call to the hunt!
The gnoll picks up the pace!
The wight hits you but does no damage.
Are you sure you want to shaft yourself?
The gnoll hits you from afar with a +0 spear.
You die...

.. #........?..#
...##...........#
................##
#...............#
#..........>..#
#............##
#....g.g.>...##
...##zzz.....(#
#.@z......##
#......z.....###
.......####.##
#...##. ### ### ##


You could see a gnoll bouda, 5 wights and a gnoll (swift).

Vanquished Creatures
  Sigmund (D:2)
  Edmund (D:4)
  A water moccasin (D:5)
  An orc warrior (D:7)
  An ice beast (D:7)
  An ogre (D:4)
  A centaur (D:7)
  2 phantoms
  A kobold brigand (D:7)
  3 scorpions (D:4)
  A howler monkey (D:5)
  A jelly (D:6)
  4 hounds
  An orc priest (D:5)
  An iguana (D:5)
  Jessica (D:2)
  Natasha (thrice) (D:2)
  3 orc wizards
  8 gnolls
  6 adders
  A shadow imp (D:5)
  A white imp (D:5)
  3 worms
  2 dart slugs
  6 orcs
  3 endoplasms
  2 giant cockroaches
  8 hobgoblins
  5 quokkas
  5 ball pythons
  4 bats
  4 frilled lizards
  6 goblins
  12 kobolds
  5 rats
109 creatures vanquished.

Notes
Turn   | Place    | Note
-------+----------+-------------------------------------------
     0 | D:1      | heikuro the Formicid Fighter began the quest for the Orb.
     0 | D:1      | Reached XP level 1. HP: 18/18 MP: 1/1
   176 | D:1      | Found a faded altar of an unknown god.
   202 | D:1      | Prayed at the altar of an unknown god.
   202 | D:1      | Became a worshipper of Trog the Wrathful
   202 | D:1      | Reached * piety under Trog
   265 | D:1      | Reached XP level 2. HP: 24/24 MP: 2/2
   303 | D:1      | Found Yritewam's Weapon Boutique.
   388 | D:1      | Reached skill level 1 in Axes
   557 | D:2      | Reached XP level 3. HP: 29/29 MP: 3/3
   850 | D:2      | Noticed Sigmund
   867 | D:2      | Killed Sigmund
   867 | D:2      | Reached ** piety under Trog
   868 | D:2      | Reached skill level 5 in Shields
   868 | D:2      | Reached XP level 4. HP: 37/37 MP: 4/4
   868 | D:2      | Reached XP level 5. HP: 42/42 MP: 5/5
   868 | D:2      | Reached XP level 6. HP: 48/48 MP: 6/6
   924 | D:2      | Noticed Natasha
   931 | D:2      | Killed Natasha
  1033 | D:2      | Noticed Natasha
  1043 | D:2      | Killed Natasha
  1079 | D:2      | Noticed Jessica
  1087 | D:2      | Killed Jessica
  1442 | D:2      | Noticed Natasha
  1456 | D:2      | Killed Natasha
  2666 | D:3      | Reached XP level 7. HP: 55/55 MP: 7/7
  2845 | D:4      | Found Lausups's Weapon Emporium.
  2903 | D:4      | Reached skill level 5 in Fighting
  2903 | D:4      | Reached skill level 5 in Armour
  2903 | D:4      | Reached skill level 6 in Shields
  3044 | D:4      | Noticed Edmund
  3057 | D:4      | Killed Edmund
  3058 | D:4      | Reached XP level 8. HP: 37/62 MP: 8/8
  3175 | D:4      | Reached skill level 5 in Axes
  3192 | D:4      | Gained mutation: Your spells are a little easier to cast,
                  | but a little less powerful. [potion of mutation]
  3192 | D:4      | Gained mutation: Your mind is acute. (Int +4, Str/Dex -1)
                  | [potion of mutation]
  3192 | D:4      | Gained mutation: Your body sometimes deteriorates upon
                  | taking damage. [potion of mutation]
  3193 | D:4      | Lost mutation: Your mind is acute. (Int +4, Str/Dex -1)
                  | [potion of mutation]
  3193 | D:4      | Lost mutation: Your spells are a little easier to cast, but
                  | a little less powerful. [potion of mutation]
  3193 | D:4      | Gained mutation: Your spells are a little harder to cast,
                  | but a little more powerful. [potion of mutation]
  3193 | D:4      | Gained mutation: You are frail. (-10% HP) [potion of
                  | mutation]
  3193 | D:4      | Gained mutation: You are partially covered in iridescent
                  | scales. (AC +2) [potion of mutation]
  3194 | D:4      | Lost mutation: You are partially covered in iridescent
                  | scales. (AC +2) [potion of mutation]
  3194 | D:4      | Lost mutation: Your body sometimes deteriorates upon taking
                  | damage. [potion of mutation]
  3194 | D:4      | Gained mutation: You possess an exceptional clarity of
                  | mind. [potion of mutation]
  3194 | D:4      | Gained mutation: Your spells are harder to cast, but more
                  | powerful. [potion of mutation]
  3194 | D:4      | Gained mutation: You are partially covered in iridescent
                  | scales. (AC +2) [potion of mutation]
  3710 | D:5      | Entered Level 5 of the Dungeon
  4023 | D:5      | Reached skill level 7 in Shields
  4391 | D:6      | You fall into a shaft and drop 1 floor!
  4395 | D:7      | Found a staircase to the Ecumenical Temple.
  4405 | Temple   | Entered the Ecumenical Temple
  4818 | D:7      | Found Myob's Weapon Boutique.
  4823 | D:7      | Bought a +3 glaive of venom for 396 gold pieces
  5092 | D:7      | Reached XP level 9. HP: 57/62 MP: 9/9
  5105 | D:7      | Reached *** piety under Trog
  5245 | D:6      | Slain by a gnoll

Illustrated notes

Levels and vault maps discovered:
D:1:      minmay_arrival_widening_spiral_wide, layout_rooms,
          nicolae_ecumenical_lake_church, serial_shops, nicolae_lakefront_shop
D:2:      layout_basic, hangedman_decor_slide_cut, guppyfry_early_orc_mine,
          uniq_sigmund, uniq_jessica, uniq_natasha
D:3:      layout_rooms
D:4:      layout_basic, serial_shops, nicolae_shop_bloodbath_and_beyond,
          kennysheep_potato, uniq_edmund
D:5:      layout_basic, serial_corexii_hall, corexii_hall_statues_i,
          chequers_hall_statues_wall_a
D:6:      layout_cave_pools
D:7:      layout_basic, minmay_temple_entry_waves, serial_shops,
          nicolae_take_the_stairs, shop, minmay_misc_feat_iff,
          minmay_misc_feat_columns
Temple:   mainiacjoe_temple_trianglar_array

Skill      XL: |  1  2  3  4  5  6  7  8 |
---------------+-------------------------+-----
Axes           | 1 3 4 6 |  6.1
Fighting       | 4 5 6 |  6.4
Armour         | 4 5 6 |  6.4
Shields        | 5 6 7 |  7.8
Polearms       | 3 |  3.9

Action                   |  1- 3 |  4- 6 |  7- 9 || total
-------------------------+-------+-------+-------++-------
Melee: Hand axe          |    56 |    98 |    32 ||   186
       Dire flail        |       |       |    69 ||    69
       Glaive            |       |       |    38 ||    38
Invok: Trog's Hand       |       |     1 |     2 ||     3
 Abil: Shaft Self        |       |       |     1 ||     1
  Use: Scroll            |       |     2 |     4 ||     6
       Potion            |       |       |     4 ||     4
Armor: Scale mail        |    16 |       |       ||    16
       Chain mail        |     9 |    47 |    62 ||   118
       Skin              |       |     9 |       ||     9
Dodge: Dodged            |    21 |    37 |    52 ||   110
Block: Buckler           |    11 |    22 |    51 ||    84

Table legend: (Time is in decaauts)
 A = Elapsed time spent in this place.
 B = Non-inter-level travel time spent in this place.
 C = Inter-level travel time spent in this place.
 D = Time resting spent in this place.
 E = Time spent auto-exploring this place.
 F = Levels seen in this place.
 G = Mean time per level.
                   A        B        C        D        E       F      G
               +--------+--------+--------+--------+--------+-----+--------+
         Total |   5302 |   5048 |    254 |    143 |   3663 |   8 |  662.8 |
       Dungeon |   4927 |   4674 |    253 |    143 |   3294 |   7 |  703.9 |
        Temple |    374 |    373 |      1 |      0 |    369 |   1 |  374.0 |
               +--------+--------+--------+--------+--------+-----+--------+

Top non-repeatable levels by time:
     D:2: 1578 daAuts
     D:4: 992 daAuts
     D:5: 639 daAuts
     D:3: 628 daAuts
     D:1: 542 daAuts
     D:7: 487 daAuts
  Temple: 374 daAuts
     D:6: 58 daAuts
